 Dungeon Crawl Stone Soup version 0.25-a0-663-gace7076f2c (webtiles) character file.

Game seed: 12875884701691085406, levelgen mode: deterministic

463 Esekla the Stinger (level 7, -18/45 HPs)
             Began as an Octopode Venom Mage on Mar 24, 2020.
             Was an Initiate of Gozag.
             Demolished by Menkaure (19 damage)
             ... on level 5 of the Dungeon.
             The game lasted 00:24:16 (3997 turns).

Esekla the Stinger (Octopode Venom Mage)            Turns: 3997, Time: 00:24:16

Health: -18/45     AC:  1    Str:  8    XL:     7   Next: 7%
Magic:  12/12      EV: 14    Int: 18    God:    Gozag
Gold:   242        SH:  0    Dex: 13    Spells: 7/13 levels left

rFire    . . .     SeeInvis .   h - +0 rapier
rCold    . . .     Gourm    .   (no shield)
rNeg     . . .     Faith    .   (helmet restricted)
rPois    .         Spirit   .   (no amulet)
rElec    .         Reflect  .   (no ring)
rCorr    .         Harm     .   (no ring)
MR       .....                  (no ring)
Stlth    +++.......             (no ring)
HPRegen  0.15/turn              (no ring)
MPRegen  0.13/turn              (no ring)
                                (no ring)
                                (no ring)

@: no status effects
A: almost no armour, stealthy swim, amphibious, 8 rings, constrict 8, camouflage
1, gelatinous body 1
a: Potion Petition, Call Merchant, Bribe Branch, Renounce Religion


You were on level 5 of the Dungeon.
You worshipped Gozag.
Gozag was aware of your devotion.
You were not hungry.

You visited 2 branches of the dungeon, and saw 6 of its levels.

You collected 276 gold pieces.
You paid 34 gold pieces to Gozag.

Inventory:

Hand Weapons
 h - a +0 rapier (weapon)
Missiles
 n - 4 boomerangs (quivered)
Jewellery
 m - an uncursed amulet of regeneration {unknown}
 u - a +3 ring of dexterity {unknown}
Wands
 e - a wand of random effects (19)
 s - a wand of paralysis (4)
Scrolls
 c - a scroll of teleportation {unknown}
 d - a scroll of fog {unknown}
 f - a scroll of remove curse {unknown}
 g - 3 scrolls of identify
 i - 3 scrolls of amnesia {unknown}
 l - a scroll of random uselessness {unknown}
Potions
 a - a potion of berserk rage {unknown}
 j - a potion of curing {unknown}
 k - 2 potions of degeneration
 o - a potion of magic {unknown}
 p - a potion of haste {unknown}
 q - a potion of stabbing {unknown}
 r - 2 potions of lignification {unknown}
 t - a potion of brilliance {unknown}
Comestibles
 b - 5 rations


   Skills:
 * Level 2.4 Fighting
 + Level 2.1 Short Blades
 + Level 2.6 Dodging
 + Level 3.4 Stealth
 * Level 3.6 Spellcasting
 * Level 1.8 Conjurations
 - Level 1.0 Transmutations
 * Level 2.5 Air Magic
 + Level 4.6 Poison Magic


You had 7 spell levels left.
You knew the following spells:

 Your Spells              Type           Power        Failure   Level  Hunger
a - Sting                 Tmut/Pois      ##..         4%          1    None
c - Mephitic Cloud        Conj/Pois/Air  ##......     13%         3    ###....
v - Poisonous Vapours     Pois/Air       ###...       5%          2    ##.....

Your spell library contained the following spells:

 Spells                   Type           Power        Failure   Level  Hunger
 Ignite Poison            Fire/Tmut/Pois ##......     22%         3    ###....
 Olgreb's Toxic Radiance  Pois           ###.....     22%         4    ####...


Dungeon Overview and Level Annotations

Branches:
Dungeon (5/15)             Temple (1/1) D:4

Altars:
Cheibriados
Dithmenos
Gozag
Hepliaklqana
Kikubaaqudgha
Qazlal
Ru
Sif Muna
Trog
Uskayaw
Wu Jian
Xom
Zin

Annotations:
D:5 Menkaure


Innate Abilities, Weirdness & Mutations

You cannot wear most types of armour.
You are very stealthy in the water. (Stealth+)
You are amphibious.
You can wear up to eight rings at the same time.
You can use your tentacles to constrict eight enemies at once.
Your skin changes colour to match your surroundings (Stealth+).
Your rubbery body absorbs attacks. (AC +1, EV +1)


Message History

The gnoll misses you.
The gnoll throws an atropa-tipped dart.
The atropa-tipped dart hits you.
You see here an atropa-tipped dart.
The gnoll hits you from afar with a cursed -2 halberd!
The gnoll misses you. Menkaure closely misses you.
You see here a steel ring.
u - a steel ring Menkaure hits you!
* * * LOW HITPOINT WARNING * * *
The gnoll closely misses you. x2
The gnoll closely misses you.
You see here an atropa-tipped dart.
Menkaure hits you!
* * * LOW HITPOINT WARNING * * *
As you read the scroll labeled ACSOTW SURGHOW, it crumbles to dust.
It is a scroll of identify.
k - 2 potions of degeneration Menkaure hits you!!
You die...
Your body crumbles into a pile of gold.

#.##..[......###...
#.#.###.....#..# #######
...##.#.# ##...##..# #.
#.......#####......# #.
......g...######...# ###.
............# #...# #...
.?........#.# #...# #.#.
.#......gg#.####...######.#.
#........#@...........#....
#.......#M................#
#.........#.....(.....#...#
##.#.##.#.#####...########.
. #. #.#.# #...# #. ..#.#
#...# #. ####.. .....# #.
#.. ####.## #. ... (. ..


You could see Menkaure.

Vanquished Creatures
  An ogre (D:4)
  A crocodile (D:3)
  A bullfrog skeleton (D:4)
  A centaur skeleton (D:4)
  An orc wizard (D:3)
  2 worker ants (D:4)
  4 gnolls (D:3)
  4 adders
  A howler monkey skeleton (D:4)
  An adder skeleton (D:4)
  3 dart slugs
  5 leopard geckos
  12 orcs
  A ball python (D:1)
  4 bats (D:3)
  A giant cockroach (D:3)
  2 hobgoblins
  4 jackals (D:3)
  A quokka (D:4)
  6 frilled lizards
  6 goblins
  9 kobolds
  A leopard gecko skeleton (D:4)
  6 rats
78 creatures vanquished.

Notes
Turn   | Place    | Note
-------+----------+-------------------------------------------
     0 | D:1      | Esekla the Octopode Venom Mage began the quest for the Orb.
     0 | D:1      | Reached XP level 1. HP: 11/11 MP: 3/3
   361 | D:1      | Reached XP level 2. HP: 17/17 MP: 1/5
   476 | D:1      | Reached skill level 4 in Poison Magic
   651 | D:1      | Learned a level 2 spell: Poisonous Vapours
   928 | D:2      | Reached XP level 3. HP: 22/22 MP: 2/6
   991 | D:2      | Learned a level 3 spell: Mephitic Cloud
  1305 | D:2      | Reached skill level 1 in Short Blades
  1586 | D:3      | Reached skill level 1 in Fighting
  1597 | D:3      | Found an opulent altar of Gozag.
  1636 | D:3      | HP: 1/23 [poisoned by an adder]
  1637 | D:3      | Reached skill level 1 in Air Magic
  1637 | D:3      | Reached XP level 4. HP: 28/28 MP: 1/7
  2161 | D:3      | HP: 1/28 [orc wizard/+0 dagger (5)]
  2163 | D:3      | Reached skill level 1 in Conjurations
  2163 | D:3      | Reached XP level 5. HP: 24/33 MP: 2/9
  2284 | D:3      | Noticed a crocodile
  2311 | D:3      | Killed a crocodile
  2618 | D:3      | Reached XP level 6. HP: 21/39 MP: 2/10
  2639 | D:3      | Became a worshipper of Gozag Ym Sagoz the Greedy
  3020 | D:4      | Reached XP level 7. HP: 30/45 MP: 9/12
  3297 | D:4      | Found a bloodstained altar of Trog.
  3302 | D:4      | Found a hide-covered altar of Uskayaw.
  3429 | D:4      | Found a staircase to the Ecumenical Temple.
  3440 | Temple   | Entered the Ecumenical Temple
  3818 | D:5      | Entered Level 5 of the Dungeon
  3917 | D:5      | Found a snail-covered altar of Cheibriados.
  3981 | D:5      | Noticed Menkaure
  3996 | D:5      | HP: 1/45 [Menkaure (7)]
  3997 | D:5      | Demolished by Menkaure

Levels and vault maps discovered:
D:1:      mrwooster_arrival_statue_3, layout_basic, minmay_quantized
D:2:      layout_loops_ring, hangedman_glass_teeth
D:3:      layout_loops_ring, nicolae_gozag_cash_rules_everything_around_me,
          first_ration
D:4:      layout_rooms, chequers_temple_overflow_statue_of_worship,
          minmay_temple_entry_fiery
D:5:      layout_loops_cross, kennysheep_slug_shrine, uniq_menkaure
Temple:   jpeg_temple_island

Skill      XL: |  1  2  3  4  5  6 |
---------------+-------------------+-----
Poison Magic   | 4 |  4.6
Short Blades   | 1 2 |  2.1
Fighting       | 1 2 |  2.4
Air Magic      | 1 2 |  2.5
Stealth        | 3 |  3.4
Conjurations   | 1 |  1.8
Spellcasting   | 3 |  3.6
Dodging        | |  2.6
Transmutations | |  1.0

Action                   |  1- 3 |  4- 6 |  7- 9 || total
-------------------------+-------+-------+-------++-------
Melee: Unarmed           |     3 |       |       ||     3
       Constrict         |    13 |    19 |     3 ||    35
       Dagger            |    19 |       |       ||    19
       Tentacles         |     5 |    11 |     2 ||    18
       Short sword       |    18 |    14 |       ||    32
       Rapier            |       |    54 |     5 ||    59
 Cast: Sting             |    14 |       |       ||    14
       Poisonous Vapours |    17 |    30 |     6 ||    53
       Mephitic Cloud    |       |     1 |       ||     1
  Use: Potion            |     2 |     1 |       ||     3
       Scroll            |       |       |     1 ||     1
 Stab: Sleeping          |     5 |     4 |     2 ||    11
       Confused          |       |     1 |       ||     1
       Distracted        |       |     1 |       ||     1
  Eat: Chunk             |     3 |     4 |       ||     7
       Ration            |       |     1 |     1 ||     2
Armor: Skin              |     1 |     6 |       ||     7
Dodge: Dodged            |    23 |    58 |    11 ||    92

Table legend:
 A = Non-vault XP
 B = Vault XP
 C = Vault XP percentage of total XP
 D = Non-vault monster count
 E = Vault monster count
 F = Vault count percentage of total count
                 A         B        C        D         E       F
            +---------+---------+-------+---------+---------+-------
      Total |     651 |      11 |   1.7 |      73 |       5 |   6.4
            +---------+---------+-------+---------+---------+-------
        D:1 |      21 |       7 |  25.0 |      12 |       4 |  25.0
        D:2 |      37 |       0 |   0.0 |      13 |       0 |   0.0
        D:3 |     280 |       0 |   0.0 |      34 |       0 |   0.0
        D:4 |     313 |       0 |   0.0 |      14 |       0 |   0.0
        D:5 |       0 |       4 | 100.0 |       0 |       1 | 100.0
            +---------+---------+-------+---------+---------+-------
